 Dungeon Crawl Stone Soup version bcrawl-1.13.1 (webtiles) character file.

Game seed: 11793954523347267787

100 Chiseanne the Shield-Bearer (level 4, -4/52 HPs)
             Began as a Demonspawn Archaeologist on Aug 2, 2019.
             Slain by Crazy Yiuf
             ... wielding a +4 quarterstaff of chaos
              (19 damage)
             ... on level 2 of the Dungeon.
             The game lasted 00:03:27 (2018 turns).

Chiseanne the Shield-Bearer (DsAc)                  Turns: 2018, Time: 00:03:27

Health: -4/52      AC: 22    Str:  8 (11) XL:     4   Next: 46%
Magic:  4/4        EV:  2    Int: 12 (15) God:
Gold:   155        SH:  0    Dex: 12 (13) Spells: 3/3 levels left

rFire    . . .     SeeInvis .   a - +3 dagger (speed)
rCold    . . .     Gourm    .   (no shield)
rNeg     + + +     Faith    .   (armour currently unavailable)
rPois    +         Spirit   .   (helmet currently unavailable)
rElec    .         Reflect  .   (cloak currently unavailable)
rCorr    .         Harm     .   (gloves currently unavailable)
MR       .....     NoTele   +   (boots currently unavailable)
Stlth    ++........             (no amulet)
HPRegen  0.17/turn              k - ring of poison resistance
MPRegen  0.09/turn              (no ring)

@: lethally poisoned (-4 -> -6), tree-form, studying Shields
A: no striking features
a: no special abilities


You were on level 2 of the Dungeon.
You were not hungry.
You were a tree.
You visited 1 branch of the dungeon, and saw 2 of its levels.

You collected 155 gold pieces.

Inventory:

Hand Weapons
 a - a +3 dagger of speed (weapon)
 l - a +0 hunting sling
 s - a +0 mace
Missiles
 h - 122 arrows
 j - 959 stones (quivered)
 m - 276 poisoned needles
 p - 74 tomahawks
 r - 168 sling bullets
Armour
 b - a +1 robe (melded)
 c - a +1 hat (melded)
 d - a +1 pair of boots (melded)
Jewellery
 k - a ring of poison resistance (left branch)
Wands
 t - a wand of paralysis (11)
Scrolls
 q - a scroll of amnesia
Books
 e - a manual of Shields
Miscellaneous
 f - an ancient crate
Comestibles
 g - 5 rations {!d}


   Skills:
 - Level 3.0 Fighting
 - Level 0.8 Maces & Flails
 - Level 2.6 Dodging
 - Level 3.0 Stealth
 + Level 3.9 Shields


You had 3 spell levels left.
You didn't know any spells.
Your spell library was empty.

Dungeon Overview and Level Annotations

Branches:
Dungeon (2/12)

Altars:
Vehumet

Annotations:
D:2 Crazy Yiuf


Innate Abilities, Weirdness & Mutations

((You have sharp fingernails.))
((You are partially covered in icy blue scales. (AC +2)))


Message History

You hit Crazy Yiuf but do no damage.
Crazy Yiuf is heavily wounded.
Crazy Yiuf hits you but does no damage.
You closely miss Crazy Yiuf.
Crazy Yiuf is heavily wounded.
You hit Crazy Yiuf.
Crazy Yiuf is severely wounded.
Crazy Yiuf hits you with a +4 quarterstaff of chaos.
You hit Crazy Yiuf but do no damage.
Crazy Yiuf is severely wounded.
Crazy Yiuf hits you with a +4 quarterstaff of chaos.
* * * LOW HITPOINT WARNING * * *
You are poisoned.
You hit Crazy Yiuf.
Crazy Yiuf is severely wounded.
You feel sick.
You hit Crazy Yiuf but do no damage.
Crazy Yiuf is severely wounded.
Crazy Yiuf hits you but does no damage.
You are electrocuted!!
You die...

♣♣...♣
#..###.# #.
♣♣.♣♣ ####
#.# #. ♣♣.♣
#.# #. ♣.♣♣
#.# #. ♣♣.♣
#.# #. ♣=♣♣
#.# #. #
##'## #.# #.
# #...# #.#
#. # #.♣.#
#.####. #
#)g.#
#...... #
#########
#####
############
# #.......#
#...........
# #.#######
############
# #.# ####.#
.....#
####.#


You could see Crazy Yiuf.

Vanquished Creatures
  A worker ant (D:2)
  An adder (D:2)
  3 oozes
  A worm (D:2)
  2 dart slugs
  3 leopard geckos (D:1)
  2 giant cockroaches (D:1)
  7 hobgoblins
  3 jackals (D:2)
  A quokka (D:2)
  2 bats
  2 frilled lizards (D:2)
  9 goblins
  4 kobolds
  4 rats (D:1)
45 creatures vanquished.

Notes
Turn   | Place    | Note
-------+----------+-------------------------------------------
     0 | D:1      | Chiseanne the Demonspawn Archaeologist began the quest for
                  | the Orb.
     0 | D:1      | Reached XP level 1. HP: 15/15 MP: 1/1
   126 | D:1      | Gained mutation: You are partially covered in icy blue
                  | scales. (AC +2) [demonic ancestry]
   126 | D:1      | Reached XP level 2. HP: 18/22 MP: 2/2
   574 | D:1      | Gained mutation: You have sharp fingernails. [demonic
                  | ancestry]
   574 | D:1      | Reached XP level 3. HP: 21/29 MP: 3/3
   743 | D:1      | Reached skill level 1 in Shields
   936 | D:2      | Found a radiant altar of Vehumet.
  1185 | D:2      | Reached XP level 4. HP: 22/35 MP: 4/4
  1415 | D:2      | Found a runed door.
  2000 | D:2      | Noticed Crazy Yiuf
  2018 | D:2      | Slain by Crazy Yiuf

Skill      XL: |  1  2  3 |
---------------+----------+-----
Fighting       | 2 3 |  3.0
Shields        | 3 |  3.9
Maces & Flails | |  0.8
Dodging        | |  2.6
Stealth        | |  3.0

Action                   |  1- 3 |  4- 6 || total
-------------------------+-------+-------++-------
Melee: Mace              |    60 |       ||    60
       Dagger            |    72 |    58 ||   130
  Use: Scroll            |     1 |     5 ||     6
       Potion            |       |     2 ||     2
 Stab: Sleeping          |     8 |       ||     8
       Distracted        |       |     1 ||     1
  Eat: Chunk             |     1 |     3 ||     4
Armor: Robe              |    38 |    11 ||    49
       Skin              |       |     5 ||     5
Dodge: Dodged            |    72 |    29 ||   101
